[ AOE2 MATCH · #507314965 ]
UnrankedCelts vs Maya
Player's team · LOSS
Rival team · WIN
[ REPLAY ANALYSIS · EXTRACTED FROM THE RECORDED GAME ]
Feudal
11:39
Castle
20:48
Imperial
35:07
| APM avg | 58.1 |
| APM peak | 120 |
| eAPM avg | 38.3 |
| Villagers / military | 120 / 70 |
Focus
⚔️ 59.9% · 🌾 40.1%
Scorpion ×39 · Woad Raider ×12 · Mangonel ×6 · Fishing Ship ×6 · Scout Cavalry ×4 · Militia ×3
Feudal
12:39
Castle
16:37
Imperial
33:33
| APM avg | 40.6 |
| APM peak | 72 |
| eAPM avg | 21.0 |
| Villagers / military | 94 / 68 |
Focus
⚔️ 45.5% · 🌾 54.5%
Plumed Archer ×47 · Mangonel ×13 · Trebuchet (Packed) ×4 · Militia ×2 · Eagle Scout ×2
Match map
Initial resources + every placement click. Lines = walls · curves = elevation contours. ◆ gold · ⬟ stone · ● berries · ✦ relic · ◌ wall gap
Your base· ✓ Closed at 20:48 · 43t walls · 2 gate(s)
jimmyjedi's base· ✓ Closed at 16:37 · 43t walls · no gate
Smoothed initial terrain · ◌ = detected wall gap · hover for details
Inputs per minute
— KIV.YourAddHere - - jimmyjedi
Build order — KIV.YourAddHere
First 150 of 298 actions detected
| 0:00 | Create | Villager (Male) |
| 0:01 | Build | House |
| 0:02 | Build | House |
| 0:08 | Create | Villager (Male) |
| 0:08 | Create | Villager (Male) |
| 0:20 | Create | Villager (Male) |
| 1:32 | Create | Villager (Male) |
| 2:01 | Create | Villager (Male) |
| 2:10 | Research | Loom |
| 2:34 | Research | Loom |
| 2:43 | Build | Barracks |
| 2:45 | Build | House |
| 2:50 | Create | Villager (Male) |
| 3:09 | Create | Villager (Male) |
| 3:09 | Create | Villager (Male) |
| 3:34 | Create | Villager (Male) |
| 3:57 | Create | Villager (Male) |
| 4:22 | Build | House |
| 4:30 | Create | Militia |
| 4:31 | Create | Villager (Male) |
| 4:53 | Create | Militia |
| 5:06 | Create | Villager (Male) |
| 5:16 | Create | Militia |
| 5:23 | Build | House |
| 5:34 | Create | Villager (Male) |
| 5:55 | Create | Villager (Male) |
| 6:11 | Build | Mill |
| 6:24 | Create | Villager (Male) |
| 6:24 | Create | Villager (Male) |
| 6:49 | Create | Villager (Male) |
| 7:01 | Create | Villager (Male) |
| 7:14 | Build | House |
| 7:19 | Build | Lumber Camp |
| 7:57 | Create | Villager (Male) |
| 8:26 | Create | Villager (Male) |
| 8:42 | Build | Palisade Wall |
| 8:44 | Build | Palisade Wall |
| 8:46 | Build | Palisade Wall |
| 9:04 | Create | Villager (Male) |
| 9:12 | Create | Villager (Male) |
| 9:22 | Create | Villager (Male) |
| 9:26 | Research | Feudal Age |
| 9:32 | Build | Mill |
| 9:50 | Create | Villager (Male) |
| 10:25 | Build | Mining Camp |
| 11:15 | Build | Palisade Wall |
| 11:22 | Build | Palisade Gate |
| 11:35 | Create | Villager (Male) |
| 11:39 | Age | Feudal Age |
| 11:43 | Research | Double-Bit Axe |
| 11:49 | Create | Villager (Male) |
| 11:50 | Research | Horse Collar |
| 11:59 | Build | Stable |
| 12:04 | Create | Villager (Male) |
| 12:08 | Build | Lumber Camp |
| 12:14 | Build | Farm |
| 12:19 | Create | Villager (Male) |
| 12:31 | Build | Farm |
| 12:37 | Build | House |
| 12:42 | Build | House |
| 12:44 | Build | Palisade Wall |
| 12:45 | Build | Palisade Wall |
| 12:47 | Build | Palisade Wall |
| 12:50 | Create | Villager (Male) |
| 12:52 | Build | Farm |
| 12:56 | Create | Scout Cavalry ×2 |
| 13:05 | Build | House |
| 13:07 | Build | Palisade Wall |
| 13:08 | Build | Palisade Wall |
| 13:14 | Build | Farm |
| 13:16 | Build | Farm |
| 13:30 | Build | Farm |
| 13:47 | Create | Scout Cavalry |
| 13:48 | Create | Villager (Male) |
| 13:51 | Build | Farm |
| 13:54 | Build | Farm |
| 14:10 | Create | Villager (Male) |
| 14:15 | Build | House |
| 14:19 | Build | House |
| 14:21 | Build | House |
| 14:28 | Create | Scout Cavalry |
| 14:38 | Build | Palisade Wall |
| 14:42 | Build | Farm |
| 14:43 | Create | Villager (Male) |
| 14:55 | Create | Villager (Male) |
| 15:02 | Create | Villager (Male) |
| 15:43 | Research | Town Watch |
| 15:52 | Create | Villager (Male) |
| 15:56 | Build | Palisade Gate |
| 16:00 | Build | Palisade Wall |
| 16:11 | Build | Market |
| 16:19 | Build | Farm |
| 16:20 | Build | Farm |
| 16:20 | Build | Farm |
| 16:20 | Build | Farm |
| 16:20 | Build | Farm |
| 16:21 | Build | Farm |
| 16:42 | Create | Villager (Male) |
| 17:11 | Create | Villager (Male) |
| 17:15 | Build | Watch Tower |
| 17:56 | Build | House |
| 17:58 | Build | House |
| 18:00 | Build | Palisade Wall |
| 18:08 | Research | Castle Age |
| 18:42 | Build | Mining Camp |
| 19:07 | Create | Villager (Male) |
| 19:09 | Research | Gold Mining |
| 19:45 | Create | Villager (Male) |
| 20:07 | Build | House |
| 20:14 | Build | Stone Wall |
| 20:15 | Build | Stone Wall |
| 20:48 | Age | Castle Age |
| 20:58 | Build | Blacksmith |
| 21:02 | Research | Bow Saw |
| 21:03 | Create | Villager (Male) |
| 21:17 | Create | Villager (Male) |
| 21:28 | Build | Siege Workshop |
| 21:39 | Build | Palisade Wall |
| 21:42 | Create | Villager (Male) |
| 21:46 | Build | Siege Workshop |
| 21:57 | Create | Scorpion |
| 21:58 | Create | Scorpion |
| 22:06 | Create | Villager (Male) |
| 22:17 | Create | Villager (Male) |
| 22:20 | Create | Scorpion |
| 22:20 | Create | Scorpion |
| 22:32 | Build | Town Center |
| 22:41 | Create | Villager (Male) |
| 22:54 | Create | Scorpion |
| 22:56 | Create | Villager (Male) |
| 23:22 | Build | Monastery |
| 23:34 | Create | Villager (Male) |
| 23:37 | Research | Wheelbarrow |
| 23:45 | Create | Villager (Male) |
| 23:50 | Build | House |
| 23:53 | Build | House |
| 23:55 | Build | House |
| 24:02 | Create | Scorpion |
| 24:02 | Create | Scorpion |
| 24:03 | Create | Villager (Male) ×5 |
| 24:09 | Build | House |
| 24:11 | Build | House |
| 24:12 | Build | House |
| 24:17 | Create | Monk |
| 24:18 | Create | Villager (Male) ×5 |
| 24:40 | Create | Mangonel |
| 24:52 | Build | University |
| 24:55 | Create | Villager (Male) |
| 25:00 | Build | Farm |
| 25:00 | Build | Farm |
Build order — jimmyjedi
First 150 of 279 actions detected
| 0:00 | Research | Loom |
| 0:01 | Create | Villager (Male) |
| 0:01 | Create | Villager (Male) |
| 0:01 | Create | Villager (Male) |
| 0:02 | Build | House |
| 0:04 | Build | House |
| 1:22 | Create | Villager (Male) |
| 1:50 | Build | Lumber Camp |
| 1:51 | Create | Villager (Male) |
| 2:25 | Create | Villager (Male) |
| 2:26 | Create | Villager (Male) |
| 2:56 | Create | Villager (Male) |
| 2:56 | Create | Villager (Male) |
| 2:56 | Create | Villager (Male) |
| 3:24 | Build | House |
| 3:31 | Create | Villager (Male) |
| 3:51 | Create | Villager (Male) |
| 4:15 | Build | House |
| 4:27 | Create | Villager (Male) |
| 4:27 | Create | Villager (Male) |
| 4:44 | Build | Barracks |
| 4:45 | Build | Palisade Wall |
| 4:49 | Create | Villager (Male) |
| 5:00 | Create | Villager (Male) |
| 5:00 | Create | Villager (Male) |
| 5:21 | Build | House |
| 5:38 | Create | Villager (Male) |
| 5:39 | Create | Villager (Male) |
| 5:40 | Create | Villager (Male) |
| 5:59 | Create | Militia |
| 6:11 | Build | House |
| 6:20 | Create | Militia |
| 6:26 | Build | Mill |
| 6:34 | Create | Villager (Male) |
| 7:08 | Build | Palisade Wall |
| 7:09 | Create | Villager (Male) |
| 7:10 | Create | Villager (Male) |
| 7:10 | Create | Villager (Male) |
| 7:23 | Build | Mill |
| 7:50 | Build | House |
| 7:52 | Build | Palisade Wall |
| 7:59 | Create | Villager (Male) |
| 8:17 | Create | Villager (Male) |
| 8:20 | Build | Palisade Wall |
| 8:28 | Build | Palisade Wall |
| 8:43 | Build | Palisade Wall |
| 8:48 | Create | Villager (Male) |
| 8:51 | Build | Farm |
| 8:56 | Create | Villager (Male) |
| 9:17 | Build | House |
| 9:18 | Create | Villager (Male) |
| 9:26 | Create | Villager (Male) |
| 9:37 | Build | Palisade Wall |
| 9:41 | Create | Villager (Male) |
| 9:42 | Create | Villager (Male) |
| 10:00 | Build | House |
| 10:03 | Build | Palisade Wall |
| 10:12 | Build | Mining Camp |
| 10:28 | Research | Feudal Age |
| 10:36 | Build | Palisade Wall |
| 10:37 | Build | Palisade Wall |
| 11:03 | Create | Villager (Male) |
| 11:03 | Create | Villager (Male) |
| 11:55 | Build | Farm |
| 12:05 | Build | Mining Camp |
| 12:31 | Build | House |
| 12:39 | Age | Feudal Age |
| 12:44 | Build | Market |
| 12:45 | Create | Villager (Male) |
| 13:03 | Build | Blacksmith |
| 13:57 | Research | Castle Age |
| 14:25 | Research | Double-Bit Axe |
| 14:49 | Create | Villager (Male) |
| 15:06 | Build | Farm |
| 15:07 | Build | Farm |
| 15:09 | Build | Farm |
| 15:36 | Build | Palisade Wall |
| 15:37 | Build | Palisade Wall |
| 15:43 | Create | Eagle Scout |
| 15:43 | Create | Eagle Scout |
| 16:15 | Research | Gold Mining |
| 16:19 | Research | Fletching |
| 16:31 | Research | Fletching |
| 16:36 | Research | Horse Collar |
| 16:37 | Age | Castle Age |
| 16:46 | Research | Bow Saw |
| 17:26 | Build | Palisade Wall |
| 17:36 | Create | Villager (Male) |
| 17:37 | Create | Villager (Male) |
| 17:42 | Build | Castle |
| 18:03 | Build | University |
| 18:04 | Build | House |
| 18:05 | Build | House |
| 18:07 | Build | House |
| 18:08 | Build | House |
| 18:10 | Create | Villager (Male) |
| 18:16 | Build | Stone Wall |
| 18:32 | Build | Farm |
| 18:35 | Build | Farm |
| 18:45 | Create | Villager (Male) |
| 18:51 | Create | Plumed Archer |
| 18:52 | Create | Plumed Archer |
| 19:06 | Build | Farm |
| 19:08 | Research | Ballistics |
| 19:09 | Create | Plumed Archer |
| 19:19 | Create | Villager (Male) |
| 19:20 | Create | Villager (Male) |
| 19:39 | Create | Plumed Archer |
| 19:43 | Create | Villager (Male) |
| 19:47 | Build | Lumber Camp |
| 19:57 | Create | Villager (Male) |
| 20:00 | Create | Plumed Archer |
| 20:05 | Research | Bodkin Arrow |
| 20:22 | Create | Plumed Archer |
| 20:30 | Build | House |
| 20:33 | Build | House |
| 20:35 | Create | Villager (Male) |
| 20:36 | Create | Villager (Male) |
| 20:44 | Create | Plumed Archer |
| 20:45 | Create | Villager (Male) |
| 20:54 | Create | Plumed Archer |
| 20:58 | Build | Lumber Camp |
| 21:03 | Create | Plumed Archer |
| 21:03 | Create | Villager (Male) |
| 21:17 | Research | Padded Archer Armor |
| 21:18 | Create | Villager (Male) |
| 21:18 | Create | Villager (Male) |
| 21:38 | Create | Plumed Archer |
| 21:39 | Create | Villager (Male) |
| 21:44 | Build | Siege Workshop |
| 21:52 | Create | Plumed Archer |
| 22:06 | Build | House |
| 22:10 | Build | House |
| 22:17 | Create | Villager (Male) |
| 22:19 | Build | Mining Camp |
| 22:23 | Create | Plumed Archer |
| 22:23 | Create | Plumed Archer |
| 22:27 | Build | House |
| 22:36 | Create | Villager (Male) |
| 22:36 | Create | Villager (Male) |
| 22:43 | Create | Plumed Archer |
| 23:12 | Create | Villager (Male) |
| 23:13 | Create | Mangonel |
| 23:18 | Build | House |
| 23:19 | Build | House |
| 23:25 | Build | Farm |
| 23:25 | Build | Farm |
| 23:26 | Build | Farm |
| 23:26 | Build | Farm |
| 23:30 | Build | Farm |
Match timeline
| 2:43 | KIV.YourAddHere · first_building Barracks |
| 4:44 | jimmyjedi · first_building Barracks |
| 4:45 | jimmyjedi · wall_segment Palisade Wall x1 |
| 7:08 | jimmyjedi · wall_segment Palisade Wall x5 |
| 7:52 | jimmyjedi · wall_segment Palisade Wall x6 |
| 8:20 | jimmyjedi · wall_segment Palisade Wall x6 |
| 8:28 | jimmyjedi · wall_segment Palisade Wall x3 |
| 8:42 | KIV.YourAddHere · wall_segment Palisade Wall x1 |
| 8:43 | jimmyjedi · wall_segment Palisade Wall x1 |
| 8:44 | KIV.YourAddHere · wall_segment Palisade Wall x1 |
| 8:46 | KIV.YourAddHere · wall_segment Palisade Wall x1 |
| 9:37 | jimmyjedi · wall_segment Palisade Wall x3 |
| 10:03 | jimmyjedi · wall_segment Palisade Wall x16 |
| 10:36 | jimmyjedi · wall_segment Palisade Wall x1 |
| 10:37 | jimmyjedi · wall_segment Palisade Wall x1 |
| 11:15 | KIV.YourAddHere · wall_segment Palisade Wall x1 |
| 11:39 | KIV.YourAddHere · age_up feudal |
| 11:59 | KIV.YourAddHere · first_building Stable |
| 12:39 | jimmyjedi · age_up feudal |
| 12:44 | KIV.YourAddHere · wall_segment Palisade Wall x3 |
| 12:45 | KIV.YourAddHere · wall_segment Palisade Wall x3 |
| 12:47 | KIV.YourAddHere · wall_segment Palisade Wall x3 |
| 13:07 | KIV.YourAddHere · wall_segment Palisade Wall x3 |
| 13:08 | KIV.YourAddHere · wall_segment Palisade Wall x2 |
| 14:38 | KIV.YourAddHere · wall_segment Palisade Wall x16 |
| 15:36 | jimmyjedi · wall_segment Palisade Wall x1 |
| 15:37 | jimmyjedi · wall_segment Palisade Wall x1 |
| 16:00 | KIV.YourAddHere · wall_segment Palisade Wall x1 |
| 16:37 | jimmyjedi · age_up castle |
| 17:26 | jimmyjedi · wall_segment Palisade Wall x1 |
| 17:42 | jimmyjedi · first_building Castle |
| 18:00 | KIV.YourAddHere · wall_segment Palisade Wall x8 |
| 18:07 | KIV.YourAddHere · first_market_sell 100 wood |
| 18:16 | jimmyjedi · wall_segment Stone Wall x9 |
| 20:14 | KIV.YourAddHere · wall_segment Stone Wall x1 |
| 20:15 | KIV.YourAddHere · wall_segment Stone Wall x1 |
| 20:48 | KIV.YourAddHere · age_up castle |
| 21:28 | KIV.YourAddHere · first_building Siege Workshop |
| 21:39 | KIV.YourAddHere · wall_segment Palisade Wall x7 |
| 21:44 | jimmyjedi · first_building Siege Workshop |
| 23:16 | KIV.YourAddHere · first_market_buy 100 wood |
| 23:22 | KIV.YourAddHere · first_building Monastery |
| 25:57 | KIV.YourAddHere · first_building Dock |
| 26:06 | KIV.YourAddHere · first_building Castle |
| 26:37 | jimmyjedi · first_market_buy 100 food |
| 30:22 | jimmyjedi · first_market_sell 100 stone |
| 32:06 | jimmyjedi · first_building Archery Range |
| 33:33 | jimmyjedi · age_up imperial |
| 35:07 | KIV.YourAddHere · age_up imperial |
| 41:18 | KIV.YourAddHere · resign |
[ AI ANALYSIS · 1 CREDIT ]
What really happened in this match?
Wolo.gg analyzes every decision: build order, eco, micro, common mistakes by bracket. Personalized analysis on WhatsApp or Discord in 30 seconds.
Civ guide
Celts
Perfil
Jugador #389780